 Dungeon Crawl Stone Soup version 0.29.1-1-gd02db6906a (webtiles) character file.

Game seed: 5854158499160906687

605 112233 the Magician (level 7, 0/41 HPs)
             Began as an Octopode Air Elementalist on Oct 11, 2022.
             Slain by an orc
             ... wielding a +0 hand axe
              (7 damage)
             ... on level 5 of the Dungeon.
             The game lasted 00:04:22 (6299 turns).

112233 the Magician (Octopode Air Elementalist)     Turns: 6299, Time: 00:04:22

Health: 0/41       AC:  1    Str:  3    XL:     7   Next: 42%
Magic:  14/16      EV: 13    Int: 20    God:
Gold:   222        SH:  0    Dex: 15    Spells: 8/18 levels left

rFire   . . .      SeeInvis .   o - +4 spear of Egomania {pain, rElec rN+++ Str-4 Dex+3}
rCold   . . .      Faith    .   (no shield)
rNeg    + + +      Spirit   .   (helmet restricted)
rPois   .          Reflect  .   (no amulet)
rElec   +          Harm     .   (no ring)
rCorr   .          Rampage  .   (no ring)
Will    .....                   (no ring)
Stlth   ++........              (no ring)
HPRegen 0.13/turn               (no ring)
MPRegen 0.15/turn               (no ring)
                                (no ring)
                                (no ring)

@: confused
A: almost no armour, amphibious, 8 rings, camouflage 1, gelatinous body 1,
(nimble swimmer 1), tentacles
a: no special abilities


You were on level 5 of the Dungeon.
You visited 1 branch of the dungeon, and saw 5 of its levels.

You collected 222 gold pieces.

Inventory:

Hand Weapons
 o - the +4 spear of Egomania (weapon) {pain, rElec rN+++ Str-4 Dex+3}
   (You took it off a hobgoblin on level 2 of the Dungeon)

   In the hands of one skilled in necromantic magic, it inflicts extra damage on
   living creatures.
   Str:       It affects your strength (-4).
   Dex:       It affects your dexterity (+3).
   rElec:     It insulates you from electricity.
   rN:        It renders you almost immune to negative energy.
 v - a +2 dagger of electrocution
Missiles
 g - 2 javelins
Armour
 x - an orb of energy
Wands
 s - a wand of flame (2) (quivered)
Scrolls
 d - 2 scrolls of fog {unknown}
 f - 4 scrolls of blinking {unknown}
 h - 2 scrolls of identify {unknown}
 l - a scroll of noise {unknown}
 m - 5 scrolls of teleportation {unknown}
 p - a scroll of brand weapon {unknown}
 q - a scroll of amnesia {unknown}
 r - 3 scrolls of vulnerability {unknown}
 t - a scroll of torment {unknown}
Potions
 a - a potion of magic
 b - 3 potions of attraction {unknown}
 c - 4 potions of might {unknown}
 e - 2 potions of heal wounds {unknown}
 i - 2 potions of haste {unknown}
 j - a potion of flight {unknown}
 k - a potion of brilliance {unknown}
 n - a potion of berserk rage {unknown}
 u - 2 potions of lignification {unknown}
 w - 2 potions of cancellation {unknown}


   Skills:
 - Level 2.0 Dodging
 - Level 2.6 Stealth
 * Level 6.1 Spellcasting
 - Level 1.0 Conjurations
 + Level 5.3 Air Magic


You had 8 spell levels left.
You knew the following spells:

 Your Spells              Type           Power      Damage    Failure   Level
a - Shock                 Conj/Air       72%        1d7       2%          1
b - Static Discharge      Conj/Air       18%        3-6/arc   4%          2
c - Airstrike             Air            13%        2d(2-18)  12%         4
d - Swiftness             Air            27%        N/A       3%          3

Your spell library contained the following spells:

 Spells                   Type           Power      Damage    Failure   Level
 Necrotise                Necr           24%        1d5       11%         1
 Slow                     Hex            24%        N/A       11%         1
 Sublimation of Blood     Necr           6%         N/A       16%         2
 Confusing Touch          Hex            6%         N/A       30%         3
 Vampiric Draining        Necr           6%         2d6       30%         3
 Petrify                  Tmut/Erth      6%         N/A       71%         4
 Irradiate                Conj/Tmut      4%         3d13      93%         5
 Agony                    Necr           6%         N/A       96%         5


Dungeon Overview and Level Annotations

Branches:
Dungeon (5/15)
 Temple: D:4-7

Altars:
Gozag

Annotations:
D:4 1 runed translucent door, Crazy Yiuf
D:5 3 runed translucent doors, Edmund; Kaiern's ghost, amateur OpSu


Innate Abilities, Weirdness & Mutations

You cannot wear most types of armour.
You are amphibious.
You can wear up to eight rings at the same time.
Your skin changes colour to match your surroundings (Stealth+).
Your rubbery body absorbs attacks. (AC +1, EV +1)
((You are camouflaged when in or above water. (Stealth+)))
You have tentacles for arms and can constrict up to eight enemies at once.


Message History

Press: ? - help, Shift-Dir - straight line, f/p - orc
Aim: an orc, wielding a +0 hand axe (almost dead, 71% to hit)
The zap hits the orc.
You kill the orc!
An orc comes into view. It is wielding a +0 flail.
An orc wizard comes into view. It is wielding a +0 dagger.
Casting: Shock (safe; 2% risk of failure)
Confirm with . or Enter, or press ? or * to list all spells.
Aiming: Shock (safe; 2% risk of failure)
Press: ? - help, Shift-Dir - straight line The zap hits the orc.
The orc is heavily wounded.
The orc shouts!
The zap hits the orc.
The orc is severely wounded.
The orc wizard shouts!
You hear a shout!
An orc priest comes into view. It is wielding a +0 whip.
An orc comes into view. It is wielding a +0 hand axe.
You reach to attack!
You hit the orc.
You kill the orc!
You closely miss the orc. You grab the orc.
You constrict the orc, but do no damage.
The orc hits you with a +0 flail!
You hit the orc. You squeeze the orc.
The orc is almost dead.
You constrict the orc.
You kill the orc!
The orc priest calls down the wrath of Beogh upon you.
Beogh smites you!
Okay, then.
The orc priest mumbles some strange prayers to Beogh against you.
Beogh smites you!
* * * LOW HITPOINT WARNING * * *
The orc wizard casts a spell at you.
You are confused.
Unknown command.
You're too confused to move!
You bump into the rock wall.
The orc hits you but does no damage.
You barely miss the orc. The orc hits you with a +0 hand axe!
You die...

#.#.....##.#####.# ... .#..
#.#.....##.......##)##.#.#..#
#...........##.##.)o...)..
#.#......#####.##.#.##.#o#
#.#..#..#.## #.##.#.##
#.#.###.##.###.#..o..#
#..#####.#.....o..o#.....
#.#.##...#.###o#.....#.##
#....#....## #@##.#.##.#
#####....## #..>...# o ######
####.### #.# #.# #.#


You could see an orc priest and an orc.

Vanquished Creatures
  Duvessa (D:4)
  An ogre (D:5)
  A centaur (D:4)
  Blork the orc (D:4)
  A necrophage (D:4)
  Dowan (D:4)
  A jelly (D:4)
  A hound (D:4)
  3 gnolls (D:5)
  An adder (D:3)
  A worm (D:2)
  2 dart slugs (D:1)
  9 orcs
  3 ball pythons
  5 bats
  5 endoplasms
  6 goblins
  7 hobgoblins
  2 jackals (D:1)
  A quokka (D:3)
  2 frilled lizards (D:1)
  6 kobolds
  6 rats
67 creatures vanquished.

Notes
Turn   | Place    | Note
-------+----------+-------------------------------------------
     0 | D:1      | 112233 the Octopode Air Elementalist began the quest for
                  | the Orb.
     0 | D:1      | Reached XP level 1. HP: 11/11 MP: 3/3
   514 | D:1      | Reached XP level 2. HP: 16/17 MP: 0/5
  1035 | D:1      | Reached XP level 3. HP: 21/21 MP: 2/7
  1596 | D:1      | Reached skill level 3 in Spellcasting
  1711 | D:1      | Found a faded altar of an unknown god.
  2351 | D:2      | Identified the +4 spear of Egomania {pain, rElec rN+++
                  | Str-4 Dex+3}
  3665 | D:3      | Reached XP level 4. HP: 14/27 MP: 2/9
  4015 | D:3      | Learned a level 2 spell: Static Discharge
  4110 | D:4      | Found a runed translucent door.
  4111 | D:4      | Noticed Crazy Yiuf
  4338 | D:4      | Reached skill level 4 in Spellcasting
  4338 | D:4      | Reached XP level 5. HP: 27/31 MP: 2/11
  4418 | D:4      | Learned a level 4 spell: Airstrike
  4422 | D:4      | Learned a level 3 spell: Swiftness
  4528 | D:4      | Noticed Dowan
  4555 | D:4      | Noticed Duvessa
  4675 | D:4      | Killed Dowan
  4676 | D:4      | Reached XP level 6. HP: 35/36 MP: 11/13
  4713 | D:4      | Killed Duvessa
  4714 | D:4      | Reached skill level 5 in Spellcasting
  5401 | D:4      | Noticed Blork the orc
  5410 | D:4      | Killed Blork the orc
  5411 | D:4      | Reached skill level 5 in Air Magic
  5411 | D:4      | Reached XP level 7. HP: 17/41 MP: 6/15
  5831 | D:5      | Entered Level 5 of the Dungeon
  5831 | D:5      | Found a runed translucent gate.
  5831 | D:5      | Found a runed translucent gate.
  5831 | D:5      | Found an opulent altar of Gozag.
  5831 | D:5      | Found a runed translucent gate.
  5833 | D:5      | Noticed Kaiern's ghost (amateur OpSu)
  5872 | D:5      | Noticed Edmund
  5898 | D:5      | Reached skill level 6 in Spellcasting
  6299 | D:5      | Slain by an orc

Illustrated notes

Levels and vault maps discovered:
D:1:      evilmike_arrival_hilbert_curve, layout_basic,
          hellmonk_ecumenical_altar_leap_of_faith
D:2:      layout_basic, nicolae_elevator_lobby_asterisk
D:3:      layout_basic
D:4:      layout_basic, serial_rivers, chequers_serial_rivers_large_a,
          chequers_serial_rivers_room_b, chequers_serial_rivers_micro_d,
          chequers_serial_rivers_marsh, kennysheep_generic_room_3,
          uniq_crazy_yiuf_cottage, uniq_duvessa, uniq_blork_the_orc
D:5:      layout_loops_ring, old_standard_altar, nicolae_overflow_crystal_walls,
          nicolae_tso_besieged_by_evil, mainiacjoe_overflow_tiny_flanked,
          ebering_ghost_gozag, guppyfry_shop_venom, uniq_edmund, uniq_menkaure,
          uniq_eustachio

Skill      XL: |  1  2  3  4  5  6  7 |
---------------+----------------------+-----
Spellcasting   | 3 4 5 6 |  6.1
Air Magic      | 4 5 |  5.3
Dodging        | |  2.0
Stealth        | |  2.6
Conjurations   | |  1.0

Action                   |  1- 3 |  4- 6 |  7- 9 || total
-------------------------+-------+-------+-------++-------
Melee: Unarmed           |    19 |       |       ||    19
       Constrict         |     9 |     1 |     1 ||    11
       Tentacles         |     7 |     1 |     1 ||     9
       Spear             |    15 |     5 |     4 ||    24
 Cast: Shock             |    76 |    47 |    24 ||   147
       Static Discharge  |       |     2 |     2 ||     4
Evoke: Wand              |       |    15 |       ||    15
 Stab: Sleeping          |     3 |       |       ||     3
Armor: Skin              |     5 |       |     1 ||     6
Dodge: Dodged            |    24 |    11 |     5 ||    40
